 Dungeon Crawl Stone Soup version 0.23.2-1-ga50397a6bc (webtiles) character file.

Game seed: 17705102199155392967

508 Peloso the Slasher (level 6, -1/84 HPs)
             Began as a Minotaur Fighter on May 6, 2019.
             Was an Initiate of Okawaru.
             Succumbed to Blork the orc's poison
             ... on level 4 of the Dungeon.
             The game lasted 00:06:17 (2719 turns).

Peloso the Slasher (Minotaur Fighter)               Turns: 2719, Time: 00:06:17

Health: -1/84      AC: 10    Str: 26    XL:     6   Next: 98%
Magic:  5/5        EV:  7    Int:  5    God:    Okawaru [......]
Gold:   192        SH: 11    Dex: 11    Spells: 5/5 levels left

rFire    . . .     SeeInvis .   a - +0 long sword
rCold    . . .     Gourm    .   c - +1 shield
rNeg     . . .     Faith    .   m - +0 chain mail
rPois    .         Spirit   .   (helmet restricted)
rElec    .         Reflect  .   (no cloak)
rCorr    .         Harm     .   (no gloves)
MR       .....                  (no boots)
Stlth    ..........             (no amulet)
HPRegen  0.24/turn              (no ring)
MPRegen  0.09/turn              (no ring)

@: berserking, lethally poisoned (-1 -> -39), very quick
A: retaliatory headbutt, horns 2
a: Renounce Religion


You were on level 4 of the Dungeon.
You worshipped Okawaru.
Okawaru was noncommittal.
You were not hungry.

You visited 1 branch of the dungeon, and saw 4 of its levels.

You collected 192 gold pieces.

Inventory:

Hand Weapons
 a - a +0 long sword (weapon)
Armour
 b - a +0 scale mail
 c - a +1 shield (worn)
 m - a +0 chain mail (worn)
Jewellery
 o - an uncursed ring of stealth {unknown}
Wands
 i - a wand of random effects (5)
Scrolls
 l - 3 scrolls of teleportation
 p - a scroll of remove curse
 q - 2 scrolls of identify
 r - a scroll of amnesia {unknown}
 t - a scroll of fog
Potions
 d - a potion of might
 e - a potion of haste
 g - a potion of brilliance
 h - a potion of heal wounds {unknown}
 j - a potion of curing {unknown}
 k - a potion of cancellation {unknown}
 n - a potion of degeneration {unknown}
 s - a potion of berserk rage
Comestibles
 f - 9 rations


   Skills:
 + Level 5.0 Fighting
 + Level 6.0 Long Blades
 + Level 5.5 Armour
 + Level 1.1 Dodging
 + Level 0.1 Stealth
 + Level 5.1 Shields


You had 5 spell levels left.
You didn't know any spells.
Your spell library was empty.

Dungeon Overview and Level Annotations

Branches:
Dungeon (4/15)             Temple (0/1) D:4

Altars:
Fedhas
Nemelex Xobeh
Okawaru
Trog
Xom


Innate Abilities, Weirdness & Mutations

You reflexively headbutt those who attack you in melee.
You have a pair of horns on your head.


Message History

You are more poisoned.
Blork the orc screams, "I don't like you!"
Blork the orc hits you with a +4 halberd of venom!
* * * LOW HITPOINT WARNING * * *
You are more poisoned.
You slash Blork the orc!
You kill Blork the orc!
Okawaru is honoured by your kill.
Your Long Blades skill increases to level 6!
* * * LOW HITPOINT WARNING * * *
You feel very sick.
* * * LOW HITPOINT WARNING * * *
You feel very sick.
Things that are here:
a +4 halberd of venom; a +0 robe; the orc corpse of Blork the orc
* * * LOW HITPOINT WARNING * * *
You feel very sick.
A red film seems to cover your vision as you go berserk!
You feel yourself moving faster!
You feel mighty!
You die...

##.>...# ###### ##.......
#....# #........ #....#
#........ #########....#
#........ ........#....#
#........ ........#..<.#
#........ ........)..###
#........
###...@..######........
#.##.................
....#...#.÷...........# #.
.......................##
#.#.# #.......#....#..#.....
#...# #.......#...##.##.###.
#..>###..............##†###. #
###...##........#.##..##...##.
#.
...............<.....##.#....


There were no monsters in sight!

Vanquished Creatures
  2 phantoms
  An ogre (D:4)
  Blork the orc (D:4)
  A hound (D:4)
  A worker ant (D:4)
  Robin (D:3)
  4 adders
  2 worms (D:2)
  3 dart slugs
  3 leopard geckos
  2 orcs (D:4)
  2 bats
  2 giant cockroaches
  13 goblins
  10 hobgoblins
  3 jackals (D:2)
  6 kobolds
  2 quokkas (D:2)
  5 frilled lizards
  7 rats
71 creatures vanquished.

Notes
Turn   | Place    | Note
-------+----------+-------------------------------------------
     0 | D:1      | Peloso the Minotaur Fighter began the quest for the Orb.
     0 | D:1      | Reached XP level 1. HP: 19/19 MP: 0/0
   130 | D:1      | Reached XP level 2. HP: 25/27 MP: 1/1
   789 | D:2      | Noticed a phantom
   793 | D:2      | Reached XP level 3. HP: 33/33 MP: 2/2
   801 | D:2      | Found a blossoming altar of Fedhas.
   838 | D:2      | Killed a phantom
   838 | D:2      | Reached skill level 3 in Long Blades
   838 | D:2      | Reached XP level 4. HP: 22/41 MP: 3/3
  1110 | D:2      | Found a sparkling altar of Nemelex Xobeh.
  1147 | D:2      | Reached XP level 5. HP: 40/47 MP: 4/4
  1195 | D:2      | Found a shimmering altar of Xom.
  1195 | D:2      | Found a shimmering altar of Xom.
  1198 | D:2      | Found a shimmering altar of Xom.
  1421 | D:2      | Reached skill level 4 in Long Blades
  1843 | D:3      | Noticed Robin
  1857 | D:3      | Killed Robin
  1857 | D:3      | Reached skill level 1 in Dodging
  2300 | D:4      | Noticed an ogre
  2311 | D:4      | Killed an ogre
  2311 | D:4      | Reached skill level 5 in Long Blades
  2311 | D:4      | Reached skill level 5 in Armour
  2311 | D:4      | Reached XP level 6. HP: 32/55 MP: 5/5
  2535 | D:4      | Reached skill level 5 in Fighting
  2566 | D:4      | Found an iron altar of Okawaru.
  2567 | D:4      | Found a bloodstained altar of Trog.
  2583 | D:4      | Became a worshipper of Warmaster Okawaru
  2626 | D:4      | Found a staircase to the Ecumenical Temple.
  2663 | D:4      | Reached skill level 5 in Shields
  2695 | D:4      | Noticed Blork the orc
  2716 | D:4      | Killed Blork the orc
  2716 | D:4      | Reached skill level 6 in Long Blades
  2718 | D:4      | HP: 1/56 [poisoned by Blork the orc]
  2719 | D:4      | Succumbed to Blork the orc's poison

Skill      XL: |  1  2  3  4  5  6 |
---------------+-------------------+-----
Shields        | 4 5 |  5.1
Fighting       | 4 5 |  5.0
Armour         | 4 5 |  5.5
Long Blades    | 3 5 6 |  6.0
Dodging        | 1 |  1.1
Stealth        | |  0.1

Action                   |  1- 3 |  4- 6 || total
-------------------------+-------+-------++-------
Melee: Long sword        |    59 |   141 ||   200
       Headbutt          |     8 |    22 ||    30
  Use: Scroll            |     2 |     5 ||     7
       Potion            |       |     1 ||     1
  Eat: Chunk             |       |     6 ||     6
Armor: Scale mail        |     7 |       ||     7
       Chain mail        |    12 |    60 ||    72
Dodge: Dodged            |    13 |    32 ||    45
Block: Shield            |    31 |    85 ||   116
       Rpst.: Long sword |     5 |    12 ||    17
